 Dungeon Crawl Stone Soup version 0.23-a0-577-g2b1de94 (webtiles) character file.

3864 Inarius the Cleaver (level 10, -3/76 HPs)
             Began as a Human Chaos Knight on Dec 15, 2018.
             Was a Plaything of Xom.
             Killed themself with a badly aimed fireball (9 damage)
             ... on level 9 of the Dungeon.
             The game lasted 00:13:53 (8393 turns).

Inarius the Cleaver (Human Chaos Knight)            Turns: 8393, Time: 00:13:54

Health: -3/76      AC: 16    Str: 20    XL:     10   Next: 41%
Magic:  13/13      EV:  9    Int: 13    God:    Xom [..*...]
Gold:   514        SH:  0    Dex: 16    Spells: 9/9 levels left

rFire    . . .     SeeInvis +   t - +1 broad axe
rCold    . . .     Gourm    .   (no shield)
rNeg     . . .     Faith    .   b - +0 plate armour
rPois    .         Spirit   .   (helmet restricted)
rElec    .         Reflect  .   F - +1 cloak
rCorr    .         Harm     .   (no gloves)
MR       +....                  (no boots)
Stlth    ..........             (no amulet)
HPRegen  0.22/turn              g - ring of see invisible
MPRegen  0.13/turn              k - +4 ring of dexterity

@: no status effects
A: antennae 1, hooves 1, repulsion field 1, iridescent scales 1, blink, high mp
1, magic resistance 1, mutation resistance 1, sense surroundings 1, strong 2,
MP-powered wands
a: Blink, Renounce Religion


You were on level 9 of the Dungeon.
You worshipped Xom.
You were a toy of Xom.
You were not hungry.

You visited 1 branch of the dungeon, and saw 9 of its levels.

You collected 514 gold pieces.

Inventory:

Hand Weapons
 a - a +0 hand axe of chaos
 f - a +0 war axe
 t - a +1 broad axe (weapon)
Armour
 b - a +0 plate armour (worn)
 F - a +1 cloak (worn)
Jewellery
 e - an uncursed ring of protection from magic
 g - a ring of see invisible (left hand)
 k - a +4 ring of dexterity (right hand)
 r - an uncursed ring of protection from fire
Wands
 x - a wand of random effects (9)
Scrolls
 h - a scroll of magic mapping
 i - 3 scrolls of remove curse
 j - 2 scrolls of enchant armour
 u - 4 scrolls of teleportation
 v - a scroll of enchant weapon
 w - 3 scrolls of immolation
 y - a scroll of noise {unknown}
 z - a scroll of fog {unknown}
 A - a scroll of blinking {unknown}
 B - a scroll of amnesia {unknown}
 E - a scroll of vulnerability
Potions
 d - 2 potions of flight {unknown}
 l - 3 potions of magic {unknown}
 n - a potion of curing
 o - a potion of brilliance {unknown}
 p - a potion of cancellation {unknown}
 q - a potion of lignification {unknown}
 s - 5 potions of mutation {unknown}
 D - 2 potions of agility
 G - a potion of degeneration {unknown}
Comestibles
 c - 12 rations
 m - 5 chunks of flesh


   Skills:
 + Level 6.1 Fighting
 * Level 11.8 Axes
 + Level 5.5 Armour
 + Level 1.6 Dodging
 * Level 3.2 Evocations


You had 9 spell levels left.
You didn't know any spells.
Your spell library contained the following spells:

 Spells                   Type           Power        Failure   Level  Hunger
 Apportation              Tloc           #.....       100%        1    ##.....
 Confusing Touch          Hex            #.....       100%        1    ##.....
 Infusion                 Chrm           #...         100%        1    ##.....
 Summon Butterflies       Summ           #.......     100%        1    ##.....
 Shroud of Golubria       Chrm/Tloc      #.........   100%        2    ###....
 Song of Slaying          Chrm           #.......     100%        2    ###....
 Confuse                  Hex            #.......     100%        3    ####...
 Gell's Gravitas          Tloc           #.........   100%        3    ####...
 Lesser Beckoning         Tloc           #.........   100%        3    ####...
 Regeneration             Chrm/Necr      #.........   100%        3    ####...
 Spectral Weapon          Hex/Chrm       #.......     100%        3    ####...
 Tukima's Dance           Hex            #.......     100%        3    ####...
 Petrify                  Tmut/Erth      #.......     100%        4    #####..
 Alistair's Intoxication  Tmut/Pois      #.......     100%        5    ######.
 Metabolic Englaciation   Hex/Ice        #.........   100%        5    ######.
 Yara's Violent Unravell  Hex/Tmut       #.........   100%        5    ######.
 Invisibility             Hex            #.......     100%        6    #######


Dungeon Overview and Level Annotations

Branches:
Dungeon (9/15)             Temple (0/1) D:5            Lair (0/6) D:8
    Orc: D:9-12

Altars:
Ru
Xom

Shops:
D:8 }


Innate Abilities, Weirdness & Mutations

You have a pair of small antennae on your head.
You have large cloven feet.
You are surrounded by a mild repulsion field. (EV +2)
You are partially covered in iridescent scales. (AC +2)
You can translocate small distances at will.
You have an increased reservoir of magic. (+10% MP)
You are resistant to hostile enchantments. (MR+)
You are somewhat resistant to further mutation.
You passively map a small area around you.
Your muscles are very strong. (Str +4)
You expend magic power (3 MP) to strengthen your wands.


Message History

You kick the merfolk, but do no damage.
The merfolk is almost dead.
The merfolk hits you with a +0 spear.
You closely miss the merfolk. You kick the merfolk, but do no damage.
The merfolk is almost dead.
The merfolk hits you with a +0 spear!
* * * LOW HITPOINT WARNING * * *
Your plate armour prevents you from hitting the merfolk.
Your kick misses the merfolk.
The merfolk is almost dead.
The merfolk hits you with a +0 spear.
* * * LOW HITPOINT WARNING * * *
Evoke which item? (* to show all) (? for menu, Esc to quit)
Aiming: Random Effects
Press: ? - help, Shift-Dir - straight line The fireball explodes!
The fireball engulfs the merfolk.
You kill the merfolk!
The fireball engulfs you!
You die...
Xom howls with laughter!

*
#######################
,.....[.................
* .###...#####.....))...
* * #...# #.#####..##
#...# #.# #).# #...# #.#
#..# #...# #.# #..# ,*
##@## #.# #..# , #§)§#
#.# #..# * , ##.≈# #.#
#..# ∆ * (.≈# #.# #..# *
%.≈# #.<# ##### #..# ,*
* * #..# * * ∆ , **#..#
* * ...#


There were no monsters in sight!

Vanquished Creatures
  A merfolk (D:9)
  2 hippogriffs (D:7)
  Sigmund (D:5)
  A wyvern (D:8)
  Menkaure (D:7)
  An ice beast (D:6)
  A black bear (D:5)
  An orc warrior (D:6)
  2 phantoms
  A necrophage (D:8)
  3 ogres
  A centaur (D:5)
  2 crocodiles (D:8)
  3 bullfrogs
  3 scorpions
  4 wights
  2 howler monkeys
  A crimson imp (D:6)
  A bullfrog zombie (D:5)
  2 centaur zombies (D:7)
  3 orc priests
  3 hounds
  7 worker ants
  Natasha (thrice) (D:3)
  8 orc wizards
  A killer bee zombie (D:6)
  A worker ant zombie (D:7)
  6 gnolls
  8 adders
  A shadow imp (D:5)
  An ooze (D:3)
  An adder skeleton (D:4)
  4 worms
  3 dart slugs
  4 leopard geckos
  22 orcs
  6 bats
  2 giant cockroaches
  9 goblins
  10 hobgoblins
  2 jackals (D:1)
  6 quokkas
  4 frilled lizards
  7 kobolds
  5 rats
161 creatures vanquished.

Vanquished Creatures (collateral kills)
  A komodo dragon (D:8)
  A swamp drake (D:8)
  A crimson imp (D:8)
  A jelly (D:8)
  A worker ant zombie (D:8)
5 creatures vanquished.

Vanquished Creatures (others)
  A gnoll shaman (D:7)
  A gnoll (D:7)
  A quokka (D:6)
3 creatures vanquished.

Grand Total: 169 creatures vanquished

Notes
Turn   | Place    | Note
-------+----------+-------------------------------------------
     0 | D:1      | Inarius the Human Chaos Knight began the quest for the Orb.
     0 | D:1      | Reached XP level 1. HP: 18/18 MP: 1/1
   104 | D:1      | XOM: harmless Conj miscast
   114 | D:1      | Reached XP level 2. HP: 24/24 MP: 2/2
   114 | D:1      | XOM: divination: magic mapping
   322 | D:1      | XOM: harmless Erth miscast
   416 | D:1      | Reached XP level 3. HP: 24/29 MP: 3/3
  1073 | D:2      | XOM: noise
  1080 | D:2      | Reached skill level 4 in Axes
  1217 | D:2      | Reached XP level 4. HP: 35/35 MP: 4/4
  1759 | D:3      | XOM: butterfly on damage
  2006 | D:4      | Noticed a phantom
  2336 | D:3      | Noticed Natasha
  2342 | D:3      | Killed Natasha
  2342 | D:3      | Reached XP level 5. HP: 25/41 MP: 5/5
  2490 | D:3      | Reached skill level 5 in Axes
  2661 | D:3      | Noticed Natasha
  2670 | D:3      | Killed Natasha
  2834 | D:3      | Noticed Natasha
  2841 | D:3      | XOM: cast spell 'Summon Butterflies'
  2844 | D:3      | XOM: harmless Necr miscast
  2846 | D:3      | Killed Natasha
  2846 | D:3      | Reached XP level 6. HP: 37/47 MP: 6/6
  3009 | D:4      | Killed a phantom
  3009 | D:4      | Reached skill level 6 in Axes
  3185 | D:4      | XOM: divination: detect items
  3261 | D:4      | Found a sacrificial altar of Ru.
  3288 | D:4      | XOM: potion effect (invisibility)
  3413 | D:4      | Reached XP level 7. HP: 54/54 MP: 7/7
  3607 | D:4      | XOM: divination: magic mapping
  3762 | D:5      | Entered Level 5 of the Dungeon
  3847 | D:5      | XOM: potion effect (haste)
  3887 | D:5      | XOM: harmless Air miscast
  3899 | D:5      | Noticed Sigmund
  3918 | D:5      | Reached skill level 7 in Axes
  3922 | D:5      | XOM: mild Fire miscast
  3924 | D:5      | XOM: mild Pois miscast
  3927 | D:5      | XOM: enchant monster (good)
  4143 | D:4      | XOM: summons 1 hostile demon
  4165 | D:5      | XOM: fog
  4166 | D:5      | Killed Sigmund
  4317 | D:5      | Reached XP level 8. HP: 59/61 MP: 8/8
  4437 | D:5      | XOM: confuse monster(s)
  4454 | D:5      | XOM: summons friendly crimson imp
  4461 | D:5      | Reached skill level 8 in Axes
  4569 | D:5      | Found a staircase to the Ecumenical Temple.
  4586 | D:5      | XOM: give mutations
  4586 | D:5      | Gained mutation: You expend magic power (3 MP) to
                  | strengthen your wands. [Xom's grace]
  4586 | D:5      | Gained mutation: You can translocate small distances at
                  | will. [Xom's grace]
  4586 | D:5      | Gained mutation: You have a pair of small antennae on your
                  | head. [Xom's grace]
  4617 | D:5      | XOM: 3-stop teleportation journey
  4814 | D:6      | XOM: confusion
  4849 | D:6      | XOM: destruction
  4923 | D:6      | XOM: 1-stop teleportation journey
  4934 | D:6      | XOM: enchant monster (good)
  4968 | D:5      | XOM: god gift: 14 stones
  5431 | D:6      | Reached skill level 9 in Axes
  5459 | D:6      | XOM: scenery: create altars
  5461 | D:6      | HP: 2/61 [ogre/+0 giant club (20)]
  5479 | D:6      | XOM: scenery: create altars
  5500 | D:6      | XOM: enchant monster (good)
  5513 | D:5      | Reached XP level 9. HP: 21/67 MP: 9/9
  5733 | D:6      | Reached skill level 5 in Fighting
  5973 | D:6      | XOM: 3-stop teleportation journey
  5980 | D:6      | XOM: confusion (+ monsters)
  5984 | D:6      | XOM: summons 4 hostile shadow creatures
  6296 | D:6      | XOM: give mutations
  6296 | D:6      | Gained mutation: You have large cloven feet. [Xom's grace]
  6296 | D:6      | Gained mutation: You have an increased reservoir of magic.
                  | (+10% MP) [Xom's grace]
  6319 | D:6      | XOM: destruction
  6604 | D:7      | Noticed a hippogriff
  6604 | D:7      | XOM: scenery: create altars
  6611 | D:6      | Reached skill level 10 in Axes
  6625 | D:7      | Noticed a hippogriff
  6626 | D:7      | XOM: enchant monster (good)
  6628 | D:7      | XOM: 2-stop teleportation journey
  6631 | D:7      | XOM: destruction
  6640 | D:7      | XOM: summons 6 friendly demons
  6644 | D:7      | Killed a hippogriff
  6644 | D:7      | Reached skill level 1 in Evocations
  6667 | D:7      | Killed a hippogriff
  7177 | D:7      | Noticed Menkaure
  7182 | D:7      | XOM: god gift: book of Party Tricks
  7185 | D:7      | Killed Menkaure
  7185 | D:7      | Reached skill level 5 in Armour
  7330 | D:7      | XOM: god gift: potion of curing
  7574 | D:8      | XOM: give mutations
  7574 | D:8      | Gained mutation: You are surrounded by a mild repulsion
                  | field. (EV +2) [Xom's grace]
  7574 | D:8      | Gained mutation: You are somewhat resistant to further
                  | mutation. [Xom's grace]
  7574 | D:8      | Gained mutation: You are resistant to hostile enchantments.
                  | (MR+) [Xom's grace]
  7622 | D:8      | XOM: summons friendly white imp
  7623 | D:8      | Reached skill level 11 in Axes
  7623 | D:8      | Reached XP level 10. HP: 74/74 MP: 13/13
  7651 | D:8      | XOM: scenery: create altars
  7689 | D:8      | XOM: give mutations
  7689 | D:8      | Gained mutation: You passively map a small area around you.
                  | [Xom's grace]
  7689 | D:8      | Gained mutation: You are partially covered in iridescent
                  | scales. (AC +2) [Xom's grace]
  7689 | D:8      | Gained mutation: Your muscles are strong. (Str +2) [Xom's
                  | grace]
  7689 | D:8      | Gained mutation: Your muscles are very strong. (Str +4)
                  | [Xom's grace]
  7805 | D:8      | Found Zoushuh's Gadget Emporium.
  7994 | D:8      | XOM: divination: magic mapping
  8016 | D:8      | Noticed a komodo dragon
  8016 | D:8      | XOM: fog
  8017 | D:8      | XOM: enchant monster (good)
  8020 | D:8      | XOM: scenery: create altars
  8024 | D:8      | XOM: cast spell 'Summon Horrible Things'
  8027 | D:8      | Killed a komodo dragon
  8045 | D:8      | Found a staircase to the Lair.
  8214 | D:8      | XOM: harmless Hex miscast
  8249 | D:8      | XOM is BORED!
  8249 | D:8      | XOM: medium Chrm miscast
  8334 | D:9      | XOM: enchant monster (good)
  8383 | D:9      | XOM: divination: detect items
  8393 | D:9      | Killed themself with a badly aimed fireball

Vault maps used:
D:1:      mrwooster_arrival_arrow
D:2:      first_ration
D:3:      uniq_natasha
D:4:      nicolae_ru_path_of_blood
D:5:      minmay_temple_entry_crystal_x, nrook_mini_vaults, uniq_sigmund
D:7:      uniq_menkaure
D:8:      erik_lair_dragon, serial_shops, shop
D:9:      zombieorc1_lemuel, hangedman_fish_farm

Skill      XL: |  1  2  3  4  5  6  7  8  9 10 |
---------------+-------------------------------+-----
Axes           | 4 5 6 7 9 11 | 11.8
Fighting       | 4 5 6 |  6.1
Armour         | 3 4 5 |  5.5
Evocations     | 2 3 |  3.2
Dodging        | |  1.6

Action                   |  1- 3 |  4- 6 |  7- 9 | 10-12 || total
-------------------------+-------+-------+-------+-------++-------
Melee: Hand axe          |    72 |   153 |   115 |       ||   340
       Broad axe         |       |       |   172 |    70 ||   242
       Kick              |       |       |    21 |    23 ||    44
Evoke: Wand              |       |       |     6 |     2 ||     8
  Use: Scroll            |       |     3 |     4 |     1 ||     8
       Potion            |       |     2 |     4 |     1 ||     7
 Stab: Paralysed         |     1 |       |       |       ||     1
       Invisible         |       |     3 |       |       ||     3
       Petrified         |       |       |     4 |       ||     4
       Petrifying        |       |       |     1 |       ||     1
       Distracted        |       |       |     1 |       ||     1
       Confused          |       |       |       |     1 ||     1
  Eat: Chunk             |     1 |     7 |    12 |     4 ||    24
Armor: Leather armour    |    19 |    19 |       |       ||    38
       Plate armour      |       |    50 |   233 |    26 ||   309
       Chain mail        |       |     2 |       |       ||     2
Dodge: Dodged            |    41 |    50 |    80 |    27 ||   198

Table legend:
 A = Non-vault XP
 B = Vault XP
 C = Vault XP percentage of total XP
 D = Non-vault monster count
 E = Vault monster count
 F = Vault count percentage of total count
                 A         B        C        D         E       F
            +---------+---------+-------+---------+---------+-------
      Total |    3961 |    1559 |  28.2 |     157 |       9 |   5.4
            +---------+---------+-------+---------+---------+-------
        D:1 |      57 |       0 |   0.0 |      31 |       0 |   0.0
        D:2 |      20 |       0 |   0.0 |       9 |       0 |   0.0
        D:3 |     174 |      35 |  16.7 |      20 |       1 |   4.8
        D:4 |     298 |       0 |   0.0 |      22 |       0 |   0.0
        D:5 |     634 |     227 |  26.4 |      18 |       1 |   5.3
        D:6 |    1136 |       0 |   0.0 |      26 |       0 |   0.0
        D:7 |    1049 |     190 |  15.3 |      16 |       1 |   5.9
        D:8 |     418 |     798 |  65.6 |       9 |       5 |  35.7
        D:9 |     175 |     309 |  63.8 |       6 |       1 |  14.3
            +---------+---------+-------+---------+---------+-------
